[Event "*** Titled Tuesday Blitz"]
[Site "Chess.com"]
[Date "2020.04.14"]
[Round "4"]
[White "dey2580"]
[Black "anon219"]
[Result "1/2-1/2"]
[WhiteElo "2486"]
[BlackElo "2811"]
[TimeControl "180+1"]
[EndTime "10:43:26 PDT"]
[Termination "Game drawn by 50-move rule"]

1. d4 d5 2. Nf3 Nf6 3. c4 e6 4. Nc3 Bb4 5. e3 O-O 6. Bd2 c5 7. a3 Bxc3 8. bxc3 cxd4 9. cxd4 b6 10. cxd5 Qxd5 11. Be2 Ba6 12. O-O Bxe2 13. Qxe2 Nc6 14.
Rfc1 Rac8 15. Rab1 Ne4 16. Be1 h6 17. h3 Rc7 18.
Rb5 Qd7 19. Qd3 f5 20. Qb3 Rfc8 21. Rd1 Nd6 22. Ne5 Nxe5 23. Rxe5 Nc4 24. Rb5 a6 25. Rb4 Kh7 26. a4 Qd5 27. Qd3 b5 28. axb5 axb5 29.
Rb3 Ra8 30. Rdb1 Nd6 31. Bb4 Ne4 32. Be1 Nd6 33. Bb4 Ra2 34. Bxd6 Qxd6 35. Rxb5 Rcc2 36. Rf1 Rd2 37. Qb3 Qe7 38. Rb6 e5 39. dxe5 Qxe5 40. Rb8 Rab2 41. Qg8+ Kg6 42. Rxb2 Rxb2 43. Qc8 Rb6 44.
Qd7 Rd6 45. Qa4 Rf6 46. Qc4 f4 47. exf4 Rxf4 48. Qd3+ Kf7 49. Rc1 Kg8 50. Rc8+ Kf7 51. Qd7+ Kg6 52. Qd3+ Kf7 53. Rc1 Rf6 54. Rd1 Re6 55.
Qc4 Kf6 56. Rf1 h5 57. Qd3 g6 58. Qf3+ Kg7 59. Qb7+ Re7 60. Qf3 Rf7 61. Qd3 h4 62. Qd2 Qf5 63. Re1 Kh7 64. Qc3 Qxf2+ 65. Kh1 Qf4 66. Qe3 Qd6 67. Qe4 Qg3 68. Qe3 Qd6 69. Qe2 Qf6 70. Rd1 Kg7 71. Re1 Kh7 72. Rd1 Qf5 73. Re1 Qg5 74. Qd3 Qf4 75. Qe2 Qg3 76.
Rd1 Rf2 77. Qe4 Rf7 78. Qe2 Qf4 79. Qd3 Qg5 80. Qe2 Qf5 81. Re1 g5 82. Rd1 Kg6 83.
Qd3 Qxd3 84. Rxd3 Rf1+ 85. Kh2 Kh5 86. Rd4 Rf2 87. Rc4 Ra2 88. Rd4 Kg6 89. Rc4 Kf6 90. Rd4 Ra5 91. Re4 Kf5 92. Rb4 Ke5 93. Rg4 Kf5 94. Rb4 Re5 95. Rc4 Kg6 96. Rg4 Rf5 97.
Kg1 Kf6 98. Re4 Re5 99. Rg4 Kf5 100. Kf2 Ra5 101. Rc4 Ra2+ 102. Kf3 Ra3+ 103. Kf2 Ke5 104. Rg4 Kf5 105. Rb4 Ra2+ 106. Kf3 Ra3+ 107. Kf2 Rg3 108. Rc4 Ke5 109. Rb4 Kd5 110. Ra4 Kc5 111. Re4 Kd5 112. Ra4 Ke5 113. Ra5+ Ke6 114. Ra6+ Kf5 115. Ra5+ Kg6 116. Ra6+ Kh5 117. Ra4 Rb3 118. Ra6 Rc3 119. Ra5 Rb3 120. Ra6 Rb4 121. Ra5 Rf4+ 122. Ke2 Rb4 123. Kf2 Rb2+ 124. Kf3 Rb3+ 125. Kf2 Kg6 126. Rc5 Rd3 127. Re5 Kf6 128. Ra5 Rd2+ 129. Kf3 Rb2 130. Rc5 Rb3+ 131. Kf2 Rb8 132. Ra5 Rf8 133. Ke3 Re8+ 134. Kf3 1/2-1/2

[Event "*** Titled Tuesday Blitz"]
[Site "Chess.com"]
[Date "2020.04.14"]
[Round "5"]
[White "MilanJeremic"]
[Black "IngOscarArdila"]
[Result "1/2-1/2"]
[WhiteElo "2268"]
[BlackElo "2107"]
[TimeControl "180+1"]
[EndTime "10:45:01 PDT"]
[Termination "Game drawn by repetition"]

1. d4 Nf6 2. Nf3 g6 3. e3 Bg7 4.
Be2 d6 5. O-O O-O 6. c4 Nbd7 7.
Nc3 e5 8. b3 exd4 9. exd4 Re8 10. Bb2 c6 11. h3 Nf8 12. Re1 Bf5 13. Qd2 Ne4 14. Nxe4 Bxe4 15. Ng5 Bf5 16. Nf3 Be4 17. Ng5 Bf5 18. Nf3 Be4 1/2-1/2

[Event "*** Titled Tuesday Blitz"]
[Site "Chess.com"]
[Date "2020.04.14"]
[Round "5"]
[White "K1TTYGANG"]
[Black "Sjakkerntobi"]
[Result "1-0"]
[WhiteElo "2123"]
[BlackElo "2237"]
[TimeControl "180+1"]
[EndTime "10:45:05 PDT"]
[Termination "K1TTYGANG won by resignation"]

1. c4 c5 2. Nc3 Nc6 3. g3 g6 4. Bg2 Bg7 5. d3 d6 6. e4 e6 7. Nge2 Nge7 8. O-O Kf8 9. Be3 b6 10. Rb1 Bb7 11. Qd2 h6 12. h3 Kg8 13. Kh2 Kh7 14. f4 Nd4 15. g4 f5 16. exf5 exf5 17. Bxb7 1-0

[Event "*** Titled Tuesday Blitz"]
[Site "Chess.com"]
[Date "2020.04.14"]
[Round "5"]
[White "BahadirOzen"]
[Black "praveenb2002"]
[Result "1/2-1/2"]
[WhiteElo "2835"]
[BlackElo "2681"]
[TimeControl "180+1"]
[EndTime "10:45:43 PDT"]
[Termination "Game drawn by agreement"]

1. Nf3 d5 2. d4 Nf6 3. c4 e6 4. e3 Be7 5. Bd3 O-O 6. O-O b6 7.
b3 Bb7 8. Bb2 c5 9. cxd5 Nxd5 10. Nc3 cxd4 11. Nxd4 Nc6 12. Nxc6 Bxc6 13. Qh5 g6 14.
Qe2 Nxc3 15. Bxc3 Bf6 16. Bxf6 Qxf6 17. Rac1 1/2-1/2

[Event "*** Titled Tuesday Blitz"]
[Site "Chess.com"]
[Date "2020.04.14"]
[Round "5"]
[White "827883"]
[Black "lupta_robin"]
[Result "1-0"]
[WhiteElo "2084"]
[BlackElo "2469"]
[TimeControl "180+1"]
[EndTime "10:45:54 PDT"]
[Termination "827883 won by resignation"]

1. e4 g6 2. d4 Nf6 3. Nc3 d5 4. e5 Ne4 5. Bd3 Nxc3 6. bxc3 c5 7. Nf3 Bg4 8. h3 Bxf3 9. Qxf3 Nc6 10. Be3 Bg7 11.
O-O O-O 12. Rab1 c4 13. Be2 b6 14. g4 Qd7 15. Qg3 e6 16. f4 f6 17. exf6 Rxf6 18. Rbe1 Raf8 19. Bc1 R6f7 1-0

[Event "*** Titled Tuesday Blitz"]
[Site "Chess.com"]
[Date "2020.04.14"]
[Round "5"]
[White "kintoho"]
[Black "BilguunSu"]
[Result "0-1"]
[WhiteElo "2435"]
[BlackElo "2665"]
[TimeControl "180+1"]
[EndTime "10:46:04 PDT"]
[Termination "BilguunSu won by resignation"]

1. e4 c5 2. Nf3 e6 3. c4 a6 4. Nc3 b6 5. d4 cxd4 6. Nxd4 Bb7 7. Be2 Qc7 8. O-O Nf6 9. f3 Bd6 10.
Kh1 Bxh2 11. f4 Bg3 12. e5 Ne4 13. Nxe4 Bxe4 14. Bf3 Qd8 15. Bg4 Qh4+ 16. Bh3 Qxh3+ 0-1

[Event "*** Titled Tuesday Blitz"]
[Site "Chess.com"]
[Date "2020.04.14"]
[Round "5"]
[White "lhavas"]
[Black "Hubbery"]
[Result "1/2-1/2"]
[WhiteElo "2408"]
[BlackElo "2583"]
[TimeControl "180+1"]
[EndTime "10:46:05 PDT"]
[Termination "Game drawn by agreement"]

1. d4 Nf6 2. Bg5 Ne4 3. h4 d5 4. Nd2 Bf5 5. Nxe4 Bxe4 6. Nf3 f6 7. Bf4 e6 8. e3 c5 9. Bxb8 Rxb8 10. Bb5+ Kf7 11. c3 Qb6 12. Qe2 a6 13. Ba4 Qa5 14. Bc2 Bd6 15. Bxe4 dxe4 16. Nd2 1/2-1/2

[Event "*** Titled Tuesday Blitz"]
[Site "Chess.com"]
[Date "2020.04.14"]
[Round "5"]
[White "goldenspine"]
[Black "LizaSolovyova"]
[Result "0-1"]
[WhiteElo "2325"]
[BlackElo "2612"]
[TimeControl "180+1"]
[EndTime "10:46:27 PDT"]
[Termination "LizaSolovyova won by resignation"]

1. d4 f5 2. c4 Nf6 3. Nc3 e6 4. e4 fxe4 5. f3 Bb4 6. fxe4 O-O 7. Bd3 Nxe4 8. Ne2 Nf2 9. Qc2 Nxh1 10. Bxh7+ Kh8 11. Bf4 Qh4+ 12. g3 Qxh7 13. Qxh7+ Kxh7 0-1

[Event "*** Titled Tuesday Blitz"]
[Site "Chess.com"]
[Date "2020.04.14"]
[Round "5"]
[White "lokomotiv777"]
[Black "MoreChessJulia"]
[Result "1-0"]
[WhiteElo "2161"]
[BlackElo "1733"]
[TimeControl "180+1"]
[EndTime "10:46:31 PDT"]
[Termination "lokomotiv777 won by resignation"]

1. e4 c6 2. d4 d5 3. exd5 cxd5 4.
Bd3 g6 5. c3 Bg7 6. Bf4 f6 7.
Nf3 Bg4 8. Qb3 Bxf3 9. Qxb7 Nd7 10. gxf3 Kf7 11. Qxd5+ e6 12. Qb7 Ne7 13. Nd2 Nd5 14. Bg3 Rb8 15. Bxb8 Qxb8 16. Qxd7+ Ne7 17. Bc4 Qxb2 18.
Qxe6+ Ke8 19. Rb1 1-0

[Event "*** Titled Tuesday Blitz"]
[Site "Chess.com"]
[Date "2020.04.14"]
[Round "5"]
[White "donotreadit"]
[Black "Kimster98"]
[Result "0-1"]
[WhiteElo "2689"]
[BlackElo "2544"]
[TimeControl "180+1"]
[EndTime "10:46:37 PDT"]
[Termination "Kimster98 won by resignation"]

1. Nf3 d5 2. b3 Nf6 3. Bb2 Bf5 4. g3 h6 5. Bg2 e6 6. O-O Nbd7 7. c4 c6 8. d4 Bd6 9. Nc3 Ne4 10. Nh4 Nxc3 11.
Bxc3 Bh7 12. f4 Be7 13. Nf3 Be4 14. e3 f5 15. c5 g5 16. Ne5 Bxg2 17. Qe2 Nxe5 0-1

[Event "*** Titled Tuesday Blitz"]
[Site "Chess.com"]
[Date "2020.04.14"]
[Round "5"]
[White "vugarrasulov"]
[Black "OhanyanEminChess"]
[Result "1-0"]
[WhiteElo "2743"]
[BlackElo "2543"]
[TimeControl "180+1"]
[EndTime "10:46:40 PDT"]
[Termination "vugarrasulov won by resignation"]

1. d4 Nf6 2. Nc3 d5 3. Bf4 a6 4. e3 Bf5 5. Nf3 e6 6. Ne5 c5 7. g4 Bg6 8. h4 cxd4 9. exd4 Bb4 10.
h5 Ne4 11. hxg6 Nxc3 12. bxc3 Bxc3+ 13. Bd2 Bxd4 14. gxf7+ Kf8 15. Bb4+ 1-0

[Event "*** Titled Tuesday Blitz"]
[Site "Chess.com"]
[Date "2020.04.14"]
[Round "5"]
[White "JacekDubiel"]
[Black "AnnaChessLook"]
[Result "1-0"]
[WhiteElo "2425"]
[BlackElo "2228"]
[TimeControl "180+1"]
[EndTime "10:46:47 PDT"]
[Termination "JacekDubiel won by resignation"]

1. e4 c5 2. Nf3 Nc6 3. Nc3 g6 4.
d4 cxd4 5. Nxd4 Bg7 6. Be3 Nf6 7. f4 O-O 8. e5 Ne8 9. Bc4 d6 10. e6 f5 11. Qd2 Nf6 12. O-O-O Qa5 13. Kb1 a6 14. Nxc6 bxc6 15. Nd5 Qd8 16. Bb6 Qe8 17. Nc7 Qd8 18. Nxa8 Qe8 19. Nc7 Qd8 20. Nd5 1-0

[Event "*** Titled Tuesday Blitz"]
[Site "Chess.com"]
[Date "2020.04.14"]
[Round "5"]
[White "ChessAintFun"]
[Black "Leo_C"]
[Result "1-0"]
[WhiteElo "2524"]
[BlackElo "2257"]
[TimeControl "180+1"]
[EndTime "10:46:53 PDT"]
[Termination "ChessAintFun won by resignation"]

1. e4 c5 2. Nf3 Nc6 3. d4 cxd4 4. Nxd4 Nf6 5. Nc3 e5 6. Ndb5 d6 7. Bg5 a6 8. Na3 b5 9. Bxf6 gxf6 10. Nd5 f5 11. c3 Be6 12. exf5 Bxf5 13. Nc2 Bg7 14. Nce3 Be6 15. Bd3 O-O 16. Qh5 f5 17. Bxf5 Bxf5 18.
Nxf5 Ra7 19. O-O Raf7 20. g4 e4 21. Rae1 Ne5 22. Rxe4 Nf3+ 23. Kh1 Nd2 24. Nde7+ Rxe7 25. Nxe7+ Kh8 26. Ng6+ Kg8 27. Qd5+ 1-0

[Event "*** Titled Tuesday Blitz"]
[Site "Chess.com"]
[Date "2020.04.14"]
[Round "5"]
[White "Aryangholami"]
[Black "PchelkinVK"]
[Result "1/2-1/2"]
[WhiteElo "2720"]
[BlackElo "2474"]
[TimeControl "180+1"]
[EndTime "10:47:02 PDT"]
[Termination "Game drawn by repetition"]

1. Nf3 Nc6 2. g3 e5 3. Bg2 e4 4. Ng1 Nf6 5. c4 Bc5 6. Nc3 Qe7 7. Nh3 d6 8. Nf4 Bf5 9. Nfd5 Nxd5 10. cxd5 Nd4 11. O-O h5 12. e3 Bg4 13. Qa4+ Bd7 14.
Qd1 Bg4 15. Qa4+ Bd7 16. Qd1 Bg4 1/2-1/2

[Event "*** Titled Tuesday Blitz"]
[Site "Chess.com"]
[Date "2020.04.14"]
[Round "5"]
[White "powermove"]
[Black "northridgehawk"]
[Result "0-1"]
[WhiteElo "1505"]
[BlackElo "2280"]
[TimeControl "180+1"]
[EndTime "10:47:05 PDT"]
[Termination "northridgehawk won by resignation"]

1. Nf3 Nf6 2. c4 g6 3. Nc3 d5 4. cxd5 Nxd5 5. e4 Nxc3 6. dxc3 Bg7 7. Qxd8+ Kxd8 8. Bf4 c6 9. O-O-O+ Ke8 10. Be2 Be6 11. Kb1 h6 12. Nd4 Bd7 13. Rd2 e5 14. Be3 exd4 15.
cxd4 Ke7 16. d5 cxd5 17. Bc5+ Ke8 18. exd5 Bf5+ 19. Ka1 Nd7 20. Bb5 Kd8 21. h3 Nxc5 0-1

[Event "*** Titled Tuesday Blitz"]
[Site "Chess.com"]
[Date "2020.04.14"]
[Round "5"]
[White "MishkaFighter"]
[Black "Alexander_Donchenko"]
[Result "1-0"]
[WhiteElo "2590"]
[BlackElo "2837"]
[TimeControl "180+1"]
[EndTime "10:47:12 PDT"]
[Termination "MishkaFighter won by resignation"]

1. Nf3 Nf6 2. c4 e6 3. g3 a6 4. Bg2 b5 5. b3 c5 6. O-O Bb7 7. Nc3 Qb6 8. d3 Be7 9. Bf4 O-O 10. Rc1 d5 11. cxd5 Nxd5 12. Nxd5 exd5 13. Ne5 Qe6 14.
d4 c4 15. bxc4 bxc4 16. Nxc4 Re8 17. Na5 Bc8 18. Qb3 1-0

[Event "*** Titled Tuesday Blitz"]
[Site "Chess.com"]
[Date "2020.04.14"]
[Round "5"]
[White "Izoria123"]
[Black "Neimar24"]
[Result "1-0"]
[WhiteElo "2792"]
[BlackElo "2544"]
[TimeControl "180+1"]
[EndTime "10:47:20 PDT"]
[Termination "Izoria123 won by resignation"]

1. Nf3 Nf6 2. c4 e6 3. Nc3 d5 4. e3 Be7 5. b3 b6 6. Bb2 Bb7 7. d4 O-O 8. Bd3 Nbd7 9. O-O c5 10. cxd5 exd5 11. Rc1 Rc8 12. Qe2 cxd4 13. Nxd4 Nc5 14. Bf5 Ba6 15. Ncb5 Nfd7 16. b4 Na4 17. Ba1 Rxc1 18.
Rxc1 Ne5 19. Qc2 Bxb5 20. Nxb5 a6 21. Na7 Nc4 22. Nc6 1-0

[Event "*** Titled Tuesday Blitz"]
[Site "Chess.com"]
[Date "2020.04.14"]
[Round "5"]
[White "NTBT_DHS"]
[Black "Onwgs"]
[Result "0-1"]
[WhiteElo "2545"]
[BlackElo "2406"]
[TimeControl "180+1"]
[EndTime "10:47:29 PDT"]
[Termination "Onwgs won by resignation"]

1. d4 Nf6 2. c4 g6 3. Nc3 d5 4.
cxd5 Nxd5 5. e4 Nxc3 6. bxc3 Bg7 7. Be3 c5 8. Nf3 Nc6 9. Rc1 cxd4 10. cxd4 Qa5+ 11.
Qd2 Qxd2+ 12. Kxd2 O-O 13. Bb5 f5 14. Bxc6 bxc6 15. e5 f4 16. Rxc6 fxe3+ 17. fxe3 Rb8 18. Rhc1 Bf5 19. Ke1 Rb2 20. Nd2 Bh6 21. R1c3 Rxa2 22. h3 Bd7 23. Rc7 Bb5 24. Kd1 Rf2 25. Rc2 Ba4 0-1

[Event "*** Titled Tuesday Blitz"]
[Site "Chess.com"]
[Date "2020.04.14"]
[Round "5"]
[White "dretch"]
[Black "Chesswizard_2007"]
[Result "0-1"]
[WhiteElo "2747"]
[BlackElo "2619"]
[TimeControl "180+1"]
[EndTime "10:47:30 PDT"]
[Termination "Chesswizard_2007 won by resignation"]

1. d4 Nf6 2. c4 g6 3. Nc3 Bg7 4. e4 d6 5. Nf3 O-O 6. h3 c5 7. d5 e6 8. Bd3 a6 9. O-O e5 10. Bg5 h6 11. Be3 Nh5 12. Qd2 Kh7 13. g4 Nf4 14. Bxf4 exf4 15. Qxf4 Qe7 16. Qg3 Nd7 17. Nd2 Ne5 18. Bc2 g5 19. f4 gxf4 20. Rxf4 Ng6 21. Rf5 Be5 22. Qf2 Bd4 0-1

[Event "*** Titled Tuesday Blitz"]
[Site "Chess.com"]
[Date "2020.04.14"]
[Round "5"]
[White "mbojan"]
[Black "jaskol95"]
[Result "1-0"]
[WhiteElo "2592"]
[BlackElo "2400"]
[TimeControl "180+1"]
[EndTime "10:47:31 PDT"]
[Termination "mbojan won by resignation"]

1. e4 e6 2. d4 d5 3. Nc3 Bb4 4. e5 Ne7 5. Bd2 b6 6. a3 Bxc3 7. Bxc3 O-O 8. Qg4 c5 9. Nf3 Nbc6 10. O-O-O c4 11. b4 b5 12. Kd2 a5 13. Be2 axb4 14. axb4 Bd7 15. Ra1 Qb6 16. h4 f5 17. exf6 Rxf6 18.
Rxa8+ 1-0

[Event "*** Titled Tuesday Blitz"]
[Site "Chess.com"]
[Date "2020.04.14"]
[Round "5"]
[White "vladimirdamjanovic"]
[Black "VojtechPlat"]
[Result "0-1"]
[WhiteElo "2537"]
[BlackElo "2736"]
[TimeControl "180+1"]
[EndTime "10:47:38 PDT"]
[Termination "VojtechPlat won by resignation"]

1. d4 Nf6 2. c4 g6 3. Nc3 d5 4. cxd5 Nxd5 5. e4 Nxc3 6. bxc3 Bg7 7. Nf3 c5 8. Be2 O-O 9. O-O cxd4 10. cxd4 Nc6 11.
Be3 Bg4 12. d5 Bxf3 13. Bxf3 Ne5 14. Be2 Rc8 15. Rb1 b6 16. Qa4 Rc7 17. f4 Nd7 18. e5 Nc5 19. Bxc5 Rxc5 20. Bf3 Qc7 21. Rfd1 Rd8 22.
Qb3 Kf8 23. g3 f6 24. exf6 Bxf6 25. Qe3 Kg7 26. Qe2 Rc8 27. h4 Rc2 28. Rd2 Rxd2 29. Qxd2 Qc3 30. Qe2 Qd4+ 31. Kg2 Rc3 32. Rb3 Rc1 33.
Re3 Qc5 34. h5 Rc2 0-1

[Event "*** Titled Tuesday Blitz"]
[Site "Chess.com"]
[Date "2020.04.14"]
[Round "5"]
[White "SaguriGuerra"]
[Black "VinzentSpitzl"]
[Result "0-1"]
[WhiteElo "2519"]
[BlackElo "2363"]
[TimeControl "180+1"]
[EndTime "10:47:41 PDT"]
[Termination "VinzentSpitzl won by resignation"]

1. e4 c6 2. d4 d5 3. e5 c5 4. dxc5 e6 5. a3 Nc6 6. b4 a5 7.
b5 Nxe5 8. Bb2 Qc7 9. Qd4 Nd7 10. Nf3 Ngf6 11. c6 bxc6 12. bxc6 Qxc6 13. Nc3 Bc5 14. Qh4 Rb8 15. Rb1 Bxa3 16. Bb5 Rxb5 17. Nxb5 Qxb5 18.
Nd4 Bb4+ 19. c3 Bxc3+ 0-1

[Event "*** Titled Tuesday Blitz"]
[Site "Chess.com"]
[Date "2020.04.14"]
[Round "5"]
[White "avantage_ru"]
[Black "Durarbayli"]
[Result "0-1"]
[WhiteElo "2563"]
[BlackElo "2823"]
[TimeControl "180+1"]
[EndTime "10:47:44 PDT"]
[Termination "Durarbayli won by resignation"]

1. e4 c5 2. Nf3 d6 3. d4 cxd4 4.
Nxd4 Nf6 5. f3 Nc6 6. c4 e6 7. Nc3 Be7 8. Be3 O-O 9. Be2 d5 10. cxd5 exd5 11. Nxc6 bxc6 12. exd5 Nxd5 13. Nxd5 cxd5 14.
O-O Bf6 15. Bd4 Rb8 16. b3 Re8 17. Rf2 Bh4 18. g3 Bf6 19. Bf1 a5 20. Rc1 Be6 21. Bxf6 Qxf6 22. Rc5 Ra8 23. Qd2 a4 24. bxa4 Rxa4 25. Bb5 Rd4 26. Qc3 Bh3 27. Re2 Rd1+ 0-1

[Event "*** Titled Tuesday Blitz"]
[Site "Chess.com"]
[Date "2020.04.14"]
[Round "5"]
[White "Joshukid"]
[Black "TengisChess"]
[Result "0-1"]
[WhiteElo "2563"]
[BlackElo "2405"]
[TimeControl "180+1"]
[EndTime "10:47:46 PDT"]
[Termination "TengisChess won by resignation"]

1. Nf3 Nf6 2. c4 g6 3. b3 Bg7 4. Bb2 O-O 5. g3 a5 6. Nc3 c6 7. Bg2 d5 8. d4 Na6 9. O-O Bg4 10. Ne5 Be6 11. cxd5 Nxd5 12. Nd3 Nab4 13. Nxb4 axb4 14. Nxd5 cxd5 15. Qd2 Qb6 16. Rfc1 Rfc8 17. e3 Rxc1+ 18. Qxc1 Qb5 19. Qc7 Qe2 20. Qc1 Rc8 21. Qe1 Qxb2 22.
Bf1 Qc3 23. Qe2 0-1

[Event "*** Titled Tuesday Blitz"]
[Site "Chess.com"]
[Date "2020.04.14"]
[Round "5"]
[White "JustWatch000"]
[Black "TigrVShlyape"]
[Result "0-1"]
[WhiteElo "2626"]
[BlackElo "2856"]
[TimeControl "180+1"]
[EndTime "10:47:50 PDT"]
[Termination "TigrVShlyape won by resignation"]

1. Nf3 Nf6 2. c4 g6 3. Nc3 Bg7 4. g3 d6 5. Bg2 O-O 6. d4 Nc6 7.
O-O e5 8. dxe5 dxe5 9. Bg5 h6 10. Bxf6 Bxf6 11. Nd2 Bg7 12. Nde4 f5 13. Nc5 e4 14. Qd5+ Kh7 15. Rad1 Qe7 16. Nb3 Be6 17. Qb5 Rab8 18. Nd5 Qf7 19. Nc5 a6 20. Qa4 Bc8 21. Nxa6 Ra8 22. Ndxc7 Qxc7 23. Nxc7 Rxa4 24. b3 Rxa2 25. f3 e3 26. f4 Nd4 0-1

[Event "*** Titled Tuesday Blitz"]
[Site "Chess.com"]
[Date "2020.04.14"]
[Round "5"]
[White "SahaNeelash"]
[Black "XDPS"]
[Result "0-1"]
[WhiteElo "2563"]
[BlackElo "2740"]
[TimeControl "180+1"]
[EndTime "10:47:52 PDT"]
[Termination "XDPS won by resignation"]

1. d4 Nf6 2. Bg5 d5 3. e3 Bg4 4. f3 Bh5 5. Ne2 Nbd7 6. Nf4 Bg6 7. Nxg6 hxg6 8. Nd2 c6 9. c3 e5 10. e4 dxe4 11. Nxe4 Qc7 12. Ng3 exd4 13. Qxd4 Bd6 14. Ne2 Bc5 15. Qf4 Qb6 16. O-O-O O-O 17. Kb1 Nd5 18.
Qa4 Rfe8 19. Nd4 Nxc3+ 0-1

[Event "*** Titled Tuesday Blitz"]
[Site "Chess.com"]
[Date "2020.04.14"]
[Round "5"]
[White "RaunakSadhwani2005"]
[Black "SameerMujumdar"]
[Result "1-0"]
[WhiteElo "2803"]
[BlackElo "2410"]
[TimeControl "180+1"]
[EndTime "10:47:53 PDT"]
[Termination "RaunakSadhwani2005 won by resignation"]

1. c4 Nf6 2. Nc3 g6 3. e4 Bg7 4. d4 d6 5. Nf3 O-O 6. Be2 Na6 7. O-O e5 8. Be3 Ng4 9. Bg5 Qe8 10. c5 exd4 11.
Nd5 Be6 12. Ne7+ Kh8 13. Nxd4 Nf6 14. cxd6 Nxe4 15. Nxe6 fxe6 16. d7 Qf7 17. Nc8 Bf6 18. Bxf6+ Qxf6 19. Bxa6 bxa6 20. Qc2 Nd6 21. Qc6 Rb8 22.
Qxc7 Rxb2 23. Qxd6 Rxf2 24. Qxf8+ Qxf8 25. Rxf2 1-0

[Event "*** Titled Tuesday Blitz"]
[Site "Chess.com"]
[Date "2020.04.14"]
[Round "5"]
[White "BocharovD"]
[Black "Ba_clbaf_osed_ingo_3v21"]
[Result "1-0"]
[WhiteElo "2873"]
[BlackElo "2577"]
[TimeControl "180+1"]
[EndTime "10:47:54 PDT"]
[Termination "BocharovD won by resignation"]

1. c4 c5 2. Nf3 Nc6 3. d4 cxd4 4. Nxd4 Nf6 5. Nc3 e6 6. a3 d5 7. cxd5 exd5 8. Bg5 Be7 9. e3 O-O 10. Be2 Be6 11. O-O h6 12. Bf4 Qd7 13. Rc1 Rac8 14. Ncb5 a6 15. Nxc6 Rxc6 16. Rxc6 Qxc6 17. Nd4 Qd7 18. Nxe6 fxe6 19. Bd3 Rc8 20. Be5 Qc6 21. h3 Nd7 22. Bd4 Bf6 23. Qg4 Nf8 24. Bxf6 1-0

[Event "*** Titled Tuesday Blitz"]
[Site "Chess.com"]
[Date "2020.04.14"]
[Round "5"]
[White "Bacyanide"]
[Black "pedromartinez91"]
[Result "0-1"]
[WhiteElo "2334"]
[BlackElo "2526"]
[TimeControl "180+1"]
[EndTime "10:47:58 PDT"]
[Termination "pedromartinez91 won by checkmate"]

1. d4 Nf6 2. c4 g6 3. Nc3 Bg7 4. e4 O-O 5. Be2 c6 6. e5 Ne8 7. f4 d6 8. Nf3 c5 9. O-O cxd4 10.
Qxd4 Nc6 11. Qe3 Bg4 12. Bd2 Bxf3 13. Bxf3 dxe5 14. fxe5 Nxe5 15. Qe2 Nxf3+ 16. Rxf3 Nd6 17. b3 Nf5 18. Rd3 Qb6+ 19. Kh1 e6 20. Re1 Rad8 21. Rxd8 Rxd8 22. Ne4 Qd4 23. Bc3 Qd3 24. Bxg7 Qxe2 25.
Rxe2 Rd1+ 26. Re1 Rxe1# 0-1

[Event "*** Titled Tuesday Blitz"]
[Site "Chess.com"]
[Date "2020.04.14"]
[Round "5"]
[White "1g41-0"]
[Black "AlexVanGog"]
[Result "1-0"]
[WhiteElo "2506"]
[BlackElo "2615"]
[TimeControl "180+1"]
[EndTime "10:48:00 PDT"]
[Termination "1g41-0 won by checkmate"]

1. d4 Nf6 2. c4 e6 3. Nc3 Bb4 4. f3 d5 5. a3 Be7 6. e4 dxe4 7. fxe4 c5 8. d5 exd5 9. exd5 O-O 10. Nf3 Bd6 11.
Be2 a6 12. O-O Nbd7 13. Bg5 Qc7 14. h3 h6 15. Be3 Re8 16. Qd2 Nf8 17. Rae1 Bf5 18.
Nh4 Ne4 19. Nxe4 Bxe4 20. Nf5 Bxf5 21. Rxf5 Ng6 22. Ref1 Re7 23. Bh5 Rae8 24. Bxh6 gxh6 25. Qxh6 Be5 26. Bxg6 fxg6 27. Rf8+ Rxf8 28. Rxf8# 1-0

[Event "*** Titled Tuesday Blitz"]
[Site "Chess.com"]
[Date "2020.04.14"]
[Round "5"]
[White "CastleOasisChess"]
[Black "dey2580"]
[Result "0-1"]
[WhiteElo "2081"]
[BlackElo "2489"]
[TimeControl "180+1"]
[EndTime "10:48:01 PDT"]
[Termination "dey2580 won by resignation"]

1. d4 Nf6 2. e3 e6 3. Bd3 c5 4.
c3 b6 5. f4 Bb7 6. Nf3 d6 7.
Nbd2 g6 8. O-O Bg7 9. Qe2 O-O 10.
e4 Nc6 11. e5 dxe5 12. fxe5 Nd5 13. Ne4 cxd4 14. cxd4 Ndb4 15. Nd6 Nxd3 16. Qxd3 Nb4 17. Qb3 Bxf3 18. Rxf3 Nd5 19. Bd2 Qh4 20. Rc1 Qxd4+ 21. Be3 Nxe3 22. Qxe3 Qxe3+ 23. Rxe3 Bh6 24. Ree1 Bxc1 25.
Rxc1 f6 26. exf6 Rxf6 27. g3 Rd8 28. Ne4 Rf5 29. Kg2 Re5 30. Nc3 Rd2+ 31. Kh3 Rxb2 0-1

[Event "*** Titled Tuesday Blitz"]
[Site "Chess.com"]
[Date "2020.04.14"]
[Round "5"]
[White "RATNAKARAN"]
[Black "The_Machine04"]
[Result "1-0"]
[WhiteElo "2556"]
[BlackElo "2374"]
[TimeControl "180+1"]
[EndTime "10:48:02 PDT"]
[Termination "RATNAKARAN won by checkmate"]

1. e4 d6 2. d4 Nf6 3. Nc3 e5 4. Nf3 Nbd7 5. Bc4 Be7 6. Bxf7+ Kxf7 7. Ng5+ Kg8 8. Ne6 Qe8 9. Nxc7 Qg6 10. O-O Rb8 11.
f4 h6 12. dxe5 dxe5 13. N3d5 Bc5+ 14. Kh1 Nxe4 15. Be3 Bxe3 16. Ne7+ Kh7 17. Nxg6 Kxg6 18. Qd3 Nc5 19. Qxe3 exf4 20. Rxf4 b6 21. b4 Bb7 22. bxc5 Nxc5 23. Ne6 Rhe8 24. Qg3+ Kh5 25. Qg4# 1-0

[Event "*** Titled Tuesday Blitz"]
[Site "Chess.com"]
[Date "2020.04.14"]
[Round "5"]
[White "Larina_Marija"]
[Black "Gerasimenyuk_Miha"]
[Result "0-1"]
[WhiteElo "2329"]
[BlackElo "2497"]
[TimeControl "180+1"]
[EndTime "10:48:02 PDT"]
[Termination "Gerasimenyuk_Miha won by resignation"]

1. e4 c6 2. d4 d5 3. Nd2 dxe4 4.
Nxe4 Nf6 5. Nxf6+ gxf6 6. g3 h5 7. h4 Nd7 8. Bg2 Nb6 9. Ne2 Bg4 10. Qd3 Qd7 11. c3 O-O-O 12. Bd2 e5 13. f3 Bf5 14. Qe3 Nc4 15. Qf2 Nxd2 16. Kxd2 Bh6+ 17. Ke1 exd4 18. cxd4 Rhe8 19. Rd1 Be3 20. Qf1 Qd6 21.
Bh3 Qb4+ 22. Nc3 Bxd4+ 23. Kd2 Bxc3+ 0-1

[Event "*** Titled Tuesday Blitz"]
[Site "Chess.com"]
[Date "2020.04.14"]
[Round "5"]
[White "jacky72"]
[Black "atbenina64"]
[Result "1-0"]
[WhiteElo "2693"]
[BlackElo "2513"]
[TimeControl "180+1"]
[EndTime "10:48:03 PDT"]
[Termination "jacky72 won by resignation"]

1. d4 d5 2. c4 c6 3. cxd5 cxd5 4. Bf4 Nc6 5. e3 Nf6 6. Nc3 Bf5 7. Qb3 Na5 8. Qa4+ Bd7 9. Qc2 e6 10. Bd3 Bb4 11. Nf3 Nh5 12. Be5 f6 13. Bxh7 fxe5 14.
Qg6+ Kf8 15. Qxh5 Be8 16. Qxe5 Rxh7 17. Ng5 Rh6 18. Nxe6+ Rxe6 19. Qxe6 Bb5 20. h4 Rc8 21. Rh3 g6 22. Qxg6 Qb6 23. Rf3+ Ke7 24. Rf7+ Kd8 25.
Qg5+ 1-0

[Event "*** Titled Tuesday Blitz"]
[Site "Chess.com"]
[Date "2020.04.14"]
[Round "5"]
[White "GrafLermontov"]
[Black "viktorko131"]
[Result "1-0"]
[WhiteElo "2386"]
[BlackElo "2119"]
[TimeControl "180+1"]
[EndTime "10:48:13 PDT"]
[Termination "GrafLermontov won by resignation"]

1. d4 Nf6 2. c4 e6 3. Nc3 Bb4 4. Bd2 O-O 5. e3 d5 6. Nf3 b6 7.
Rc1 dxc4 8. Bxc4 c5 9. a3 Bxc3 10. Bxc3 Ba6 11. Bxa6 Nxa6 12. O-O Qd5 13. Qa4 Qb7 14.
dxc5 Nxc5 15. Qh4 Nfe4 16. Ng5 Nxg5 17. Qxg5 f6 18. Qg4 e5 19. b4 Nd3 20. Qc4+ 1-0